Map: Blueshift LE

Players

stojkovPe

  • Race: Zerg Zerg
  • League: Gold
  • Spawn Location: 1:00

Yocto - Winner!

  • Race: Zerg Zerg
  • Spawn Location: 7:00

VOD

Have the link to the VOD?

Description

Time

  • Played on: Dec. 14, 2018, 9:32 a.m.
  • Length: 13:27
Show
View Real Time Build Order
Export as new Build Order

stojkovPe Zerg 

Build Orders: Hatch First 

Get SALT Encoding   

  12  0:01  Drone  
  13  0:09  Drone  
  14  0:15  Extractor  
  14  0:16  Drone  
  15  0:40  Hatchery  
  14  0:45  Overlord  
  14  1:00  Extractor  
  14  1:02  Drone  
  14  1:04  Drone  
  14  1:05  Drone  
  16  1:19  Spawning Pool, Drone  
  16  1:30  Drone  
  17  1:45  Drone  
  18  1:54  Drone  
  18  1:58  Drone  
  18  2:00  Overlord  
  20  2:05  Metabolic Boost  
  20  2:08  Zergling x4  
  22  2:17  Queen  
  24  2:25  Baneling Nest  
  23  2:31  Zergling x6  
  26  2:41  Drone  
  27  2:48  Overlord, Spine Crawler  
  26  2:56  Queen  
  28  3:19  Zergling x2  
  29  3:20  Zergling x10  
  34  3:47  Zergling x2  
  34  3:48  Zergling x2  
  36  3:51  Overlord  
  36  3:52  Overlord  
  36  4:11  Drone  
  36  4:12  Drone x3  
  29  4:43  Lair  
  29  4:47  Roach Warren  
  29  4:49  Extractor  
  29  4:50  Drone x3  
  30  4:54  Zergling x8  
  30  4:55  Baneling x2  
  30  4:56  Baneling x2  
  34  5:03  Drone  
  35  5:23  Overlord  
  35  5:24  Overlord x2  
  35  5:32  Roach x4  
  43  5:46  Roach, Drone  
  43  5:47  Roach  
  47  6:04  Drone x2  
  49  6:06  Spore Crawler  
  49  6:07  Spore Crawler  
  49  6:11  Spore Crawler, Drone x3  
  49  6:12  Spore Crawler  
  48  6:22  Drone x3  
  48  6:24  Hydralisk Den  
  50  6:29  Glial Reconstitution  
  45  7:07  Hydralisk x8  
  45  7:08  Hydralisk  
  51  7:25  Hydralisk, Grooved Spines  
  51  7:27  Zergling x6  
  56  7:39  Drone x4  
  56  7:40  Drone  
  61  8:03  Hydralisk  
  61  8:04  Hydralisk x2  
  67  8:05  Overlord x2  
  67  8:14  Drone  
  68  8:25  Baneling x3  
  68  8:26  Baneling x3  
  50  8:27  Hydralisk  
  50  8:29  Queen  
  53  8:43  Drone  
  53  8:44  Hydralisk x2, Drone x2  
  53  8:45  Drone  
  53  8:48  Zergling x2  
  62  9:07  Extractor  
  61  9:11  Pneumatized Carapace  
  61  9:23  Evolution Chamber  
  60  9:27  Hatchery  
  59  9:43  Muscular Augments  
  59  9:45  Hydralisk x3  
  61  9:47  Zergling x2  
  61  9:48  Zergling x24  
  78  9:56  Extractor, Drone x2  
  78  9:57  Hydralisk  
  67  10:37  Evolution Chamber  
  54  10:52  Hydralisk  
  54  10:53  Zergling x2  
  54  10:54  Zergling x16  
  54  10:56  Zerg Melee Weapons Level 1  
  63  11:00  Queen  
  65  11:05  Drone x3  
  66  11:51  Baneling  
  66  11:52  Baneling x13  
  66  11:53  Hydralisk  
  66  11:54  Hydralisk x7  
  68  11:55  Overlord  
  82  12:13  Hydralisk x3  
  82  12:14  Zergling x4  
  47  12:37  Zergling x12  
Show
View Real Time Build Order
Export as new Build Order

Yocto Zerg - Winner!

Build Orders: Hatch First, Muta Ling Bane 

Get SALT Encoding   

  12  0:03  Drone  
  13  0:15  Overlord  
  13  0:18  Drone  
  14  0:34  Drone x2  
  16  0:41  Drone  
  17  0:55  Hatchery  
  16  1:00  Drone x2  
  16  1:03  Extractor  
  17  1:15  Spawning Pool  
  17  1:18  Drone  
  17  1:22  Drone  
  18  1:33  Drone  
  19  1:42  Overlord  
  19  1:56  Drone  
  20  2:04  Queen, Zergling x2  
  20  2:07  Metabolic Boost  
  23  2:09  Zergling x2  
  23  2:11  Queen  
  23  2:15  Drone  
  27  2:20  Drone  
  28  2:25  Drone  
  29  2:35  Drone  
  30  2:38  Drone  
  30  2:42  Drone  
  32  2:47  Queen  
  34  2:52  Queen  
  34  2:58  Overlord  
  36  3:00  Overlord  
  36  3:17  Overlord  
  36  3:20  Drone x2  
  36  3:21  Drone x4  
  42  3:29  Evolution Chamber  
  41  3:37  Baneling Nest  
  41  3:39  Lair  
  40  3:42  Drone x4  
  40  3:45  Zergling x2  
  40  3:46  Zergling x2  
  45  3:56  Evolution Chamber  
  45  4:00  Spine Crawler x2  
  42  4:08  Extractor, Drone x3  
  44  4:10  Drone  
  44  4:16  Drone x5  
  50  4:18  Extractor  
  50  4:24  Zergling x4  
  45  4:34  Zergling x8  
  48  4:41  Zergling x6  
  48  4:43  Baneling x2  
  51  4:52  Spire  
  50  4:55  Extractor  
  50  4:56  Baneling x3  
  49  5:07  Drone x2  
  49  5:08  Drone  
  49  5:11  Drone x3  
  55  5:16  Overlord  
  55  5:17  Overlord  
  55  5:29  Drone x3  
  58  5:45  Hatchery  
  57  5:53  Drone  
  57  5:54  Drone x7  
  65  6:02  Drone  
  65  6:03  Drone x2  
  68  6:07  Centrifical Hooks  
  68  6:13  Extractor  
  68  6:14  Mutalisk x3  
  68  6:17  Extractor  
  72  6:28  Mutalisk x2  
  76  6:33  Overlord x3  
  74  7:00  Zergling x6  
  74  7:01  Zergling x8  
  72  7:02  Queen  
  74  7:14  Mutalisk  
  74  7:15  Mutalisk x3  
  82  7:23  Drone x4  
  87  7:37  Drone x3  
  89  7:49  Mutalisk x2  
  89  7:50  Mutalisk x2  
  97  7:53  Zergling x6  
  100  7:59  Overlord x3  
  100  8:09  Overlord x2  
  97  8:21  Zergling x12  
  97  8:22  Zergling x4  
  101  8:33  Mutalisk x5  
  111  8:36  Zerg Flyer Weapons Level 1  
  111  8:48  Zerg Ground Armor Level 1  
  111  9:03  Mutalisk x2  
  111  9:06  Zergling x12  
  111  9:07  Zergling x8  
  125  9:13  Hatchery, Baneling x2  
  125  9:14  Baneling x6  
  125  9:15  Extractor  
  123  9:32  Overlord x3  
  123  9:46  Extractor  
  123  9:47  Overlord x2  
  123  9:52  Baneling x13  
  122  9:53  Baneling x10  
  122  10:00  Zerg Melee Weapons Level 1  
  116  10:26  Zergling x10  
  116  10:27  Zergling x10  
  116  10:28  Zergling x2  
  127  10:33  Drone x5  
  123  10:46  Zergling x2  
  123  10:47  Zergling x12  
  123  10:48  Zergling x2  
  130  11:00  Drone x3  
  130  11:01  Drone x2  
  135  11:09  Infestation Pit  
  135  11:10  Baneling x3  
  135  11:11  Baneling x3  
  131  11:32  Baneling  
  131  11:35  Baneling x3  
  131  11:36  Baneling x8  
  131  11:37  Baneling x4  
  130  11:43  Zergling x8  
  130  11:44  Zergling x14  
  140  11:51  Zergling x8  
  144  12:04  Zergling x2  
  144  12:05  Zergling x4  
Tags
 
Composition
Muta Ling Bane
League
Gold
Matchup
ZvZ
Race
Zerg
Replay Pack
Yocto
Spawn Locations
Cross Positions
Add a new tag
Caveats
  • Supply blocks, unpowered buildings, or Contaminate may cause inaccurate times.
  • Supply counts are checked every 10 seconds.